 Dungeon Crawl Stone Soup version 0.31-a0-521-gc7390f8997 (webtiles) character file.

Game seed: 14107780092251015799

303 MisterAzrael the Chopper (level 6, -7/54 (55) HPs)
             Began as a Hill Orc Fighter on Aug 10, 2023.
             Was an Initiate of the Shining One.
             Mangled by Crazy Yiuf
             ... wielding a +3 quarterstaff of chaos
              (14 damage)
             ... on level 3 of the Dungeon.
             The game lasted 00:02:56 (2649 turns).

MisterAzrael the Chopper (Hill Orc Fighter)         Turns: 2649, Time: 00:02:57

HP:   -7/54 (55)    AC:  9    Str: 21    XL:     6   Next: 38%
MP:   1/6           EV:  8    Int:  8    God:    the Shining One [......]
Gold: 168           SH:  4    Dex: 10    Spells: 5/5 levels left

rFire   + . .        a - +0 war axe
rCold   . . .        c - +0 buckler
rNeg    . . .        m - +0 chain mail
rPois   .            (no helmet)
rElec   .            (no cloak)
rCorr   .            (no gloves)
SInv    .            (no boots)
Will    .....        (no amulet) Stlth
                     h - ring of protection from fire
HPRegen 0.29/turn    (no ring)
MPRegen 0.10/turn

%: no passive effects
@: mighty, hasted, glowing, lightly drained, very quick
A: no striking features
a: Renounce Religion


You were on level 3 of the Dungeon.
You worshipped the Shining One.
The Shining One was noncommittal.
You visited 1 branch of the dungeon, and saw 3 of its levels.

You collected 168 gold pieces.

Inventory:

Hand Weapons
 a - a +0 war axe (weapon)
Armour
 b - a +0 scale mail
 c - a +0 buckler (worn)
 m - a +0 chain mail (worn)
Jewellery
 h - a ring of protection from fire (left hand)
Wands
 q - a wand of flame (27)
Scrolls
 e - a scroll of poison {unknown}
 f - 2 scrolls of identify {unknown}
 g - 2 scrolls of revelation {unknown}
 i - 2 scrolls of teleportation {unknown}
 n - a scroll of blinking {unknown}
 p - a scroll of noise {unknown}
Potions
 d - a potion of might
 j - a potion of heal wounds {unknown}
 k - a potion of enlightenment {unknown}
 l - 3 potions of curing {unknown}
 o - a potion of brilliance {unknown}
 r - a potion of lignification {unknown}


   Skills:
 + Level 4.8 Fighting
 * Level 5.7 Axes
 + Level 4.5 Armour
 + Level 4.4 Shields
 * Level 1.1 Invocations


You had 5 spell levels left.
You didn't know any spells.
Your spell library contained the following spells:

 Spells                   Type           Power      Damage    Failure   Level
 Apportation              Tloc           0%         N/A       98%         1
 Necrotise                Necr           0%         1d4       98%         1
 Summon Small Mammal      Summ           0%         N/A       98%         1
 Sublimation of Blood     Necr           0%         N/A       99%         2
 Wereblood                Tmut           0%         N/A       99%         2
 Tukima's Dance           Hex            0%         N/A       100%        3
 Passage of Golubria      Tloc           0%         N/A       100%        4
 Yara's Violent Unravell  Hex/Tmut       0%         3d3       100%        5
 Summon Hydra             Summ           0%         N/A       100%        7


Dungeon Overview and Level Annotations

Branches:
Dungeon (3/15)

Altars:
Cheibriados
Kikubaaqudgha
Nemelex Xobeh
Okawaru
Wu Jian
Yredelemnul
The Shining One

Shops:
D:2 !?(:*

Annotations:
D:3 Crazy Yiuf


Message History

You barely miss the goblin. You block the goblin's attack.
You barely miss the goblin. The goblin hits you but does no damage.
You barely miss the goblin. The goblin hits you but does no damage.
You block the goblin's attack.
You barely miss the goblin. The goblin hits you but does no damage.
You barely miss the goblin. You block the goblin's attack.
You closely miss the goblin. The goblin hits you.
You miss the goblin. You block the goblin's attack.
The goblin closely misses you.
You hit the goblin.
The goblin is heavily wounded.
The goblin barely misses you.
You slash the goblin!
You kill the goblin!
No target in view!
No target in view!
You feel very mighty all of a sudden.
You open the door. You hit Crazy Yiuf.
Crazy Yiuf is moderately wounded.
Crazy Yiuf hits you with a +3 quarterstaff of chaos!
You resist with some effort.
Crazy Yiuf hits you with a +3 quarterstaff of chaos!
You feel your power leaking away.
You closely miss Crazy Yiuf.
Crazy Yiuf is moderately wounded.
You block Crazy Yiuf's attack.
You closely miss Crazy Yiuf.
Crazy Yiuf is moderately wounded.
Crazy Yiuf hits you with a +3 quarterstaff of chaos.
You feel yourself speed up.
You closely miss Crazy Yiuf.
Crazy Yiuf is moderately wounded.
Crazy Yiuf hits you with a +3 quarterstaff of chaos!
You are electrocuted!
* * * LOW HITPOINT WARNING * * *
You slash Crazy Yiuf!
Crazy Yiuf is almost dead.
Crazy Yiuf hits you with a +3 quarterstaff of chaos!
You die...

### #####
##.## #..)#
##...##
#...#
##.....#####
...
#.).........
#g#
##.....#####
♣♣@♣
##.#..## #≈~
♣.♣♣
#.###.####≈≈
♣♣.♣ ###
##..##≈≈
♣.♣♣
#.###...''.≈
♣♣.♣♣
##.#.#..##≈≈
♣...♣♣
##..##.##≈~
♣..P.♣
#.....##≈~
#....#
#.###.####
#....## #.#
###...


You could see Crazy Yiuf.

Vanquished Creatures
  3 vampire bats (D:3)
  Ijyb (D:3)
  4 gnolls (D:2)
  4 adders
  4 dart slugs
  3 orcs
  5 ball pythons
  3 bat skeletons (D:3)
  2 bat zombies (D:3)
  An endoplasm (D:2)
  2 giant cockroaches (D:1)
  8 goblins
  7 hobgoblins
  3 jackals (D:1)
  3 quokkas
  12 bats
  5 frilled lizards
  3 kobolds
  9 rats
  A spectral orc (D:3)
83 creatures vanquished.

Notes
Turn   | Place    | Note
-------+----------+-------------------------------------------
     0 | D:1      | MisterAzrael the Hill Orc Fighter began the quest for the
                  | Orb.
     0 | D:1      | Reached XP level 1. HP: 19/19 MP: 1/1
   202 | D:1      | Reached skill level 3 in Axes
   240 | D:1      | Reached XP level 2. HP: 27/27 MP: 2/2
   528 | D:1      | Reached XP level 3. HP: 33/33 MP: 3/3
  1198 | D:2      | Found Ocall's Magic Scroll Boutique.
  1231 | D:2      | Reached skill level 4 in Axes
  1231 | D:2      | Reached XP level 4. HP: 24/40 MP: 4/4
  1354 | D:2      | Found Atumy's Weapon Shoppe.
  1354 | D:2      | Noticed a +0 triple sword
  1355 | D:2      | Noticed a +0 rapier
  1361 | D:2      | Found Searchate's Assorted Antiques.
  1425 | D:2      | Found Wunkuyj's Book Boutique.
  1882 | D:2      | Found Xiurif's Distillery.
  2045 | D:3      | Found an ancient bone altar of Kikubaaqudgha.
  2053 | D:3      | Reached XP level 5. HP: 42/47 MP: 5/5
  2061 | D:3      | Reached skill level 5 in Axes
  2065 | D:3      | Reached XP level 6. HP: 46/53 MP: 6/6
  2157 | D:3      | Found a snail-covered altar of Cheibriados.
  2179 | D:3      | Noticed Ijyb
  2192 | D:3      | Killed Ijyb
  2195 | D:3      | Found a sparkling altar of Nemelex Xobeh.
  2198 | D:3      | Found an iron altar of Okawaru.
  2199 | D:3      | Found an ornate altar of the Wu Jian Council.
  2200 | D:3      | Found a glowing golden altar of the Shining One.
  2212 | D:3      | Became a worshipper of the Shining One
  2426 | D:3      | Found a basalt altar of Yredelemnul.
  2502 | D:3      | Reached skill level 1 in Invocations
  2564 | D:3      | Found a runed translucent door.
  2565 | D:3      | Noticed Crazy Yiuf
  2649 | D:3      | Mangled by Crazy Yiuf

Illustrated notes

Levels and vault maps discovered:
D:1:      kennysheep_arrival_seaside, layout_loops_cross,
          serial_co_window_serial, co_window_of_opportunity_a,
          co_window_paths_b, co_window_of_opportunity_a, co_window_paths_b,
          co_window_paths_b, co_window_corner_b, co_window_unsneaky_path_a,
          co_window_corner_b, co_window_of_opportunity_c, co_window_corner_cb,
          co_window_paths_c, co_window_2corner, co_window_paths_d,
          co_window_4corner_b, glass_columns_a, amcnicky_mini_pool_small,
          serial_bayou_pond_a
D:2:      layout_loops_cross, serial_shops, nicolae_shop_tiny_statue_garden,
          shop, shop, nicolae_shop_behind_doors, nicolae_shop_mannequins,
          kennysheep_generic_room_15
D:3:      layout_loops_ring, yredelemnul_forgotten_temple_becter,
          mainiacjoe_overflow_paths, chequers_temple_overflow_statue_of_worship,
          kennysheep_vampire_church, minmay_goblin_outpost,
          uniq_crazy_yiuf_cottage, uniq_ijyb

Skill      XL: |  1  2  3  4  5  6 |
---------------+-------------------+-----
Axes           | 3 4 5 |  5.7
Fighting       | 4 |  4.8
Armour         | 4 |  4.5
Shields        | 4 |  4.4
Invocations    | 1 |  1.1

Action                     |  1- 3 |  4- 6 || total
---------------------------+-------+-------++-------
  Melee: War axe           |   112 |   139 ||   251
    Use: Potion            |       |     2 ||     2
 Armour: Scale mail        |    62 |    10 ||    72
         Chain mail        |       |    80 ||    80
  Dodge: Dodged            |    61 |    61 ||   122
  Block: Buckler           |    28 |    35 ||    63

Table legend: (Time is in decaauts)
 A = Elapsed time spent in this place.
 B = Non-inter-level travel time spent in this place.
 C = Inter-level travel time spent in this place.
 D = Time resting spent in this place.
 E = Time spent auto-exploring this place.
 F = Levels seen in this place.
 G = Mean time per level.
                   A        B        C        D        E       F      G
               +--------+--------+--------+--------+--------+-----+--------+
         Total |   2729 |   2649 |     80 |    110 |   1927 |   3 |  909.7 |
       Dungeon |   2729 |   2649 |     80 |    110 |   1927 |   3 |  909.7 |
               +--------+--------+--------+--------+--------+-----+--------+

Top non-repeatable levels by time:
     D:1: 1235 daAuts
     D:2: 840 daAuts
     D:3: 653 daAuts
